 Dungeon Crawl Stone Soup version 0.31-a0-154-g56bf346678 (webtiles) character file.

Game seed: 7640398533972337486

3598 pokeman the Thaumaturge (level 9, -4/48 HPs)
             Began as a Deep Elf Hedge Wizard on June 11, 2023.
             Was a Believer of Vehumet.
             Slain by a sixfirhy (10 damage)
             ... on level 8 of the Dungeon.
             The game lasted 00:18:17 (8393 turns).

pokeman the Thaumaturge (Deep Elf Hedge Wizard)     Turns: 8393, Time: 00:18:19

Health: -4/48      AC:  7    Str:  7    XL:     9   Next: 85%
Magic:  40/45      EV: 12    Int: 24    God:    Vehumet [**....]
Gold:   498        SH:  0    Dex: 14    Spells: 25/33 levels left

rFire   + . .        x - +0 dagger (venom)
rCold   . . .        (no shield)
rNeg    . . .        t - +3 leather armour {rF+}
rPois   .            c - +0 hat
rElec   .            N - +0 cloak
rCorr   .            (no gloves)
SInv    .            (no boots)
Will    .....        i - amulet of regeneration
Stlth   ++           a - ring of magical power
HPRegen 1.08/turn    K - ring of magical power
MPRegen 0.29/turn

%: no passive effects
@: studying Transmutations
A: no striking features
a: Renounce Religion


You were on level 8 of the Dungeon.
You worshipped Vehumet.
Vehumet was pleased with you.
You visited 2 branches of the dungeon, and saw 10 of its levels.

You collected 657 gold pieces.
You spent 159 gold pieces at shops.

Inventory:

Hand Weapons
 x - a +0 dagger of venom (weapon)
 M - a +3 quarterstaff of chaos
Armour
 c - a +0 hat (worn)
 t - a +3 leather armour of fire resistance (worn)
 F - a +0 buckler
 N - a +0 cloak (worn)
 O - a +2 robe of resistance
Magical Staves
 H - a staff of conjuration
Jewellery
 a - a ring of magical power (left hand)
 f - an amulet of faith
 i - an amulet of regeneration (around neck)
 o - an amulet of guardian spirit
 r - a +6 ring of intelligence
 G - a ring of willpower
 I - an amulet of the acrobat
 K - a ring of magical power (right hand)
Wands
 h - a wand of flame (19)
 s - a wand of charming (10)
 z - a wand of roots (11)
 P - a wand of digging (4)
Scrolls
 b - 2 scrolls of vulnerability
 e - 2 scrolls of amnesia
 g - 3 scrolls of fear
 l - 4 scrolls of silence
 m - 2 scrolls of magic mapping
 n - 11 scrolls of teleportation
 q - 3 scrolls of poison {unknown}
 v - a scroll of noise {unknown}
 w - 2 scrolls of fog {unknown}
 y - 2 scrolls of blinking {unknown}
 A - a scroll of summoning {unknown}
 B - a scroll of enchant weapon {unknown}
 J - a scroll of immolation {unknown}
 L - a scroll of enchant armour
Potions
 d - 2 potions of magic
 j - 2 potions of haste
 k - 3 potions of curing
 p - 2 potions of attraction
 u - a potion of enlightenment
 C - a potion of berserk rage
 D - 2 potions of heal wounds {unknown}
 E - a potion of invisibility {unknown}


   Skills:
 + Level 2.1 Fighting
 - Level 3.0 Armour
 - Level 3.0 Dodging
 - Level 3.0 Stealth
 - Level 3.0 Shields
 * Level 12.5 Spellcasting
 + Level 6.9 Conjurations
 + Level 5.8 Summonings
 - Level 1.1 Translocations
 - Level 1.2 Transmutations
 - Level 1.0 Air Magic
 - Level 1.0 Poison Magic
 - Level 1.0 Evocations


You had 25 spell levels left.
You knew the following spells:

 Your Spells              Type           Power      Damage    Failure   Level
a - Magic Dart            Conj           100%       1d8       1%          1
b - Mephitic Cloud        Conj/Pois/Air  29%        N/A       5%          3
c - Call Imp              Summ           86%        N/A       1%          2
d - Blink                 Tloc           40%        N/A       6%          2

Your spell library contained the following spells:

 Spells                   Type           Power      Damage    Failure   Level
 Sandblast                Erth           30%        2d9       6%          1
 Apportation              Tloc           40%        N/A       3%          1
 Sting                    Tmut/Pois      80%        1d7       3%          1
 Slow                     Hex            60%        N/A       6%          1
 Poisonous Vapours        Pois/Air       40%        N/A       6%          2
 Cigotuvi's Dreadful Rot  Necr/Pois/Air  36%        N/A       7%          2
 Olgreb's Toxic Radiance  Pois           20%        N/A       36%         4
 Alistair's Intoxication  Tmut/Pois      13%        N/A       71%         5


Dungeon Overview and Level Annotations

Branches:
Dungeon (9/15)             Temple (1/1) D:4
   Lair: D:8-11         Orc: D:9-12

Altars:
Dithmenos
Elyvilon
Fedhas
Gozag
Makhleb
Qazlal
Ru
Trog
Vehumet
Wu Jian
Yredelemnul
Zin

Shops:
D:1 :   D:8 ?


Message History

Press: ? - help, Shift-Dir - straight line, f/p - sixfirhy
Aim: a sixfirhy (noxious fumes, lightly wounded, confused, ally target)
The roots erupt in riotous growth!
Roots grab the sixfirhy.
Your cerulean imp is unaffected.
The grasping roots constrict the sixfirhy.
The sixfirhy is engulfed in noxious fumes.
The sixfirhy appears confused.
The sixfirhy is engulfed in noxious fumes.
The sixfirhy appears confused.
The sixfirhy is engulfed in noxious fumes.
The sixfirhy appears confused.
The sixfirhy is engulfed in noxious fumes.
The sixfirhy completely misses your cerulean imp.
The sixfirhy is engulfed in noxious fumes.
The sixfirhy hits your cerulean imp. The sixfirhy shocks your cerulean imp.
Your cerulean imp resists.
Your cerulean imp hits the sixfirhy but does no damage.
The sixfirhy is engulfed in noxious fumes.
The sixfirhy appears confused.
The sixfirhy struggles to escape constriction.
Unknown command.
Press: ? - help, v - describe, . - travel
Here: a sixfirhy (noxious fumes, moderately wounded, confused, constricted by roots, ally target)
An open translucent door.
Unknown command.
Casting: Magic Dart (safe; 1% risk of failure)
Confirm with . or Enter, or press ? or * to list all spells.
Aiming: Magic Dart (safe; 1% risk of failure)
Press: ? - help, Shift-Dir - straight line, f/p - sixfirhy
Aim: a sixfirhy (noxious fumes, moderately wounded, confused, constricted by roots, ally target, 100% to hit)
The magic dart hits the sixfirhy.
The sixfirhy is heavily wounded.
The grasping roots constrict the sixfirhy.
The roots release their grip on the sixfirhy.
The sixfirhy is engulfed in noxious fumes.
The sixfirhy hits you!
* * * LOW HITPOINT WARNING * * *
The sixfirhy shocks you!
You die...

############### ..............#
#####
#############.###############.)..
.####.......................#.###
...##.###......############.#.###
#.....#....###5.@.........#.....#
#.....#.##.#_○.3#...#####.#...#.#
#.....#....###..#.#...###.#).[..#
#.........................>.....#
#.............#.#.#.#.........#.#
#....##...#####.#<#.###.........#
#....###### #.###.#........<#.#
#....# #.....#.###.....#.# ######
#######.####....#.#


You could see a sixfirhy (confused, ally target) and a friendly cerulean imp
(summoned).

Vanquished Creatures
  A komodo dragon (D:8)
  Prince Ribbit (D:7)
  A shadow (D:7)
  Duvessa (D:7)
  A water moccasin (D:8)
  A sky beast (D:6)
  A black bear (D:7)
  3 ice beasts
  2 ogres
  4 centaurs
  A bullfrog (D:8)
  3 scorpions
  3 wights (D:8)
  Dowan (D:7)
  6 killer bees
  3 howler monkeys (D:8)
  A hound (D:4)
  2 jellies
  A gnoll bouda (D:9)
  Crazy Yiuf (D:7)
  2 sleepcaps
  Ijyb (D:3)
  2 iguanas
  6 orc wizards
  10 gnolls
  2 adders (D:6)
  2 shadow imps (D:7)
  A white imp (D:5)
  3 ufetubi
  2 dart slugs (D:3)
  27 orcs
  4 bats
  4 endoplasms
  5 giant cockroaches
  4 goblins
  6 hobgoblins
  3 jackals (D:4)
  3 quokkas
  4 ball pythons
  2 frilled lizards
  10 kobolds
  10 rats
151 creatures vanquished.

Vanquished Creatures (collateral kills)
  A water moccasin (D:6)
  A centaur (D:8)
  A wight (D:8)
  A killer bee (D:5)
  An orc priest (D:5)
  A hound (D:6)
  An orc (D:7)
7 creatures vanquished.

Vanquished Creatures (others)
  A killer bee (D:5)
1 creature vanquished.

Grand Total: 159 creatures vanquished

Notes
Turn   | Place    | Note
-------+----------+-------------------------------------------
     0 | D:1      | pokeman the Deep Elf Hedge Wizard began the quest for the
                  | Orb.
     0 | D:1      | Reached XP level 1. HP: 10/10 MP: 7/7
   407 | D:1      | Reached XP level 2. HP: 16/16 MP: 1/9
   547 | D:1      | You fall into a shaft and drop 1 floor!
   967 | D:1      | Found Pedideig's Book Boutique.
  1194 | D:2      | Reached skill level 5 in Spellcasting
  1477 | D:2      | Reached XP level 3. HP: 20/20 MP: 11/11
  1481 | D:2      | Learned a level 3 spell: Mephitic Cloud
  1484 | D:2      | Learned a level 2 spell: Call Imp
  1487 | D:2      | Learned a level 2 spell: Blink
  1659 | D:2      | Found an ornate altar of the Wu Jian Council.
  2131 | D:3      | Reached skill level 1 in Armour
  2147 | D:3      | Reached skill level 1 in Fighting
  2446 | D:3      | Noticed Ijyb
  2493 | D:3      | Killed Ijyb
  2494 | D:3      | Reached XP level 4. HP: 24/25 MP: 12/13
  2740 | D:4      | Found a staircase to the Ecumenical Temple.
  2747 | Temple   | Entered the Ecumenical Temple
  2862 | Temple   | Became a worshipper of Vehumet
  3400 | D:4      | Reached skill level 6 in Spellcasting
  3400 | D:4      | Reached XP level 5. HP: 26/29 MP: 15/15
  3537 | D:4      | Found a white marble altar of Elyvilon.
  3642 | D:5      | Entered Level 5 of the Dungeon
  3655 | D:5      | Identified the +0 robe of Kugairgh {*Corrode rN+ Will+
                  | Str+3}
  3757 | D:5      | Reached skill level 1 in Transmutations
  3760 | D:5      | Reached skill level 1 in Air Magic
  3760 | D:5      | Reached skill level 1 in Poison Magic
  3760 | D:5      | Reached skill level 1 in Evocations
  3876 | D:5      | Noticed an ogre
  3880 | D:5      | Reached XP level 6. HP: 34/34 MP: 17/17
  3886 | D:5      | Reached skill level 7 in Spellcasting
  3887 | D:5      | Reached XP level 7. HP: 15/39 MP: 16/20
  3957 | D:5      | Reached skill level 8 in Spellcasting
  4109 | D:5      | Reached * piety under Vehumet
  4109 | D:5      | Offered knowledge of Kiss of Death by Vehumet.
  4655 | D:5      | Identified the +1 leather armour "Tonaroge" {Str+3}
  5006 | D:6      | Reached skill level 9 in Spellcasting
  5006 | D:6      | Reached XP level 8. HP: 44/44 MP: 23/23
  5299 | D:6      | Found a glowing silver altar of Zin.
  5364 | D:6      | Reached skill level 1 in Shields
  5640 | D:6      | Reached skill level 5 in Conjurations
  5658 | D:6      | Found a shadowy altar of Dithmenos.
  5844 | D:7      | Noticed Prince Ribbit
  5871 | D:7      | Killed Prince Ribbit
  5872 | D:7      | Reached skill level 10 in Spellcasting
  6204 | D:7      | Found a stormy altar of Qazlal.
  6204 | D:7      | Found a bloodstained altar of Trog.
  6216 | D:7      | Reached ** piety under Vehumet
  6228 | D:7      | Offered knowledge of Sandblast by Vehumet.
  6457 | D:7      | Reached XP level 9. HP: 12/48 MP: 23/25
  6673 | D:7      | Reached skill level 11 in Spellcasting
  6876 | D:7      | Found a runed translucent door.
  6877 | D:7      | Noticed Crazy Yiuf
  6892 | D:7      | Killed Crazy Yiuf
  6997 | D:7      | Noticed Duvessa
  6998 | D:7      | Noticed Dowan
  7018 | D:7      | Killed Duvessa
  7021 | D:7      | Killed Dowan
  7034 | D:7      | Found a sacrificial altar of Ru.
  7274 | D:8      | Reached skill level 5 in Summonings
  7419 | D:8      | Found a runed translucent door.
  7423 | D:8      | Found a burning altar of Makhleb.
  7423 | D:8      | Noticed a sixfirhy
  7434 | D:8      | Noticed a komodo dragon
  7453 | D:8      | Killed a komodo dragon
  7583 | D:8      | Reached skill level 12 in Spellcasting
  8109 | D:8      | Found Mivafaod's Magic Scroll Shop.
  8117 | D:8      | Bought a scroll of identify for 22 gold pieces
  8117 | D:8      | Bought a scroll of identify for 22 gold pieces
  8117 | D:8      | Bought a scroll of teleportation for 33 gold pieces
  8117 | D:8      | Bought a scroll of magic mapping for 82 gold pieces
  8393 | D:8      | Slain by a sixfirhy

Illustrated notes

Levels and vault maps discovered:
D:1:      tarquinn_simple_flora_water_d, layout_basic, serial_shops,
          shop_fountains, dreamdust_princess_bridge
D:2:      layout_basic, basic_altar, st_stairs_12, minivault_24,
          dreamdust_mushroom_princess
D:3:      layout_rooms, minmay_misc_feat_five, uniq_ijyb
D:4:      layout_gridville, elyvilon_altar_4, temple_green
D:5:      layout_cave_pods, grunt_ministairs_9
D:6:      layout_loops_ring, zin_statuary, mainiacjoe_overflow_alcove_2
D:7:      hellmonk_crumbling_castle, layout_basic, nicolae_ru_awakened_eye,
          jmf_multi_god_temple, minmay_fractal_squares_5,
          uniq_crazy_yiuf_cottage, uniq_duvessa, uniq_prince_ribbit1
D:8:      layout_basic, nzn_makhleb_speed_demon, serial_shops,
          nicolae_shop_crystal, chequers_serial_rivers_micro_b
D:9:      layout_long_grid, mainiacjoe_overflow_24_doors,
          mainiacjoe_overflow_boulevard, lemuel_flamethrower_2
Temple:   grunt_temple_mini_profane

Skill      XL: |  1  2  3  4  5  6  7  8  9 |
---------------+----------------------------+-----
Spellcasting   | 5 6 7 9 10 12 | 12.5
Armour         | 1 2 3 |  3.0
Fighting       | 1 2 |  2.1
Conjurations   | 2 3 4 5 6 |  6.9
Dodging        | 3 |  3.0
Stealth        | 3 |  3.0
Transmutations | 1 |  1.2
Air Magic      | 1 |  1.0
Poison Magic   | 1 |  1.0
Evocations     | 1 |  1.0
Summonings     | 2 4 5 |  5.8
Shields        | 2 3 |  3.0
Translocations | |  1.1

Action                     |  1- 3 |  4- 6 |  7- 9 || total
---------------------------+-------+-------+-------++-------
  Melee: Dagger            |     1 |       |   163 ||   164
         Short sword       |    33 |    15 |     2 ||    50
         Punch             |       |     1 |     2 ||     3
   Cast: Magic Dart        |   119 |    41 |   218 ||   378
         Mephitic Cloud    |     5 |     5 |    33 ||    43
         Call Imp          |     1 |       |    21 ||    22
         Blink             |       |       |     2 ||     2
  Evoke: Wand              |       |       |     1 ||     1
    Use: Scroll            |       |       |    10 ||    10
   Stab: Confused          |     2 |     6 |    12 ||    20
         Distracted        |       |       |     2 ||     2
         Sleeping          |       |       |     1 ||     1
 Armour: Robe              |     6 |       |       ||     6
         Leather armour    |       |     7 |    52 ||    59
  Dodge: Dodged            |    30 |    12 |   101 ||   143

Table legend: (Time is in decaauts)
 A = Elapsed time spent in this place.
 B = Non-inter-level travel time spent in this place.
 C = Inter-level travel time spent in this place.
 D = Time resting spent in this place.
 E = Time spent auto-exploring this place.
 F = Levels seen in this place.
 G = Mean time per level.
                   A        B        C        D        E       F      G
               +--------+--------+--------+--------+--------+-----+--------+
         Total |   8390 |   8071 |    319 |    198 |   6583 |  10 |  839.0 |
       Dungeon |   8245 |   7974 |    271 |    198 |   6490 |   9 |  916.1 |
        Temple |    144 |     96 |     48 |      0 |     93 |   1 |  144.0 |
               +--------+--------+--------+--------+--------+-----+--------+

Top non-repeatable levels by time:
     D:7: 1372 daAuts
     D:5: 1207 daAuts
     D:8: 1176 daAuts
     D:2: 1044 daAuts
     D:6: 965 daAuts
     D:1: 941 daAuts
     D:4: 811 daAuts
     D:3: 697 daAuts
  Temple: 144 daAuts
     D:9: 28 daAuts
